 Dungeon Crawl Stone Soup version 0.16-a0-1816-g2c93a98 (webtiles) character file.

1474 timbw the Firebug (level 8, -1/46 HPs)
             Began as an Octopode Fire Elementalist on Nov 4, 2014.
             Was an Initiate of Vehumet.
             Slain by a three-headed hydra (10 damage)
             ... on level 9 of the Dungeon.
             The game lasted 00:13:31 (2122 turns).

timbw the Firebug (Octopode Fire Elementalist)      Turns: 2122, Time: 00:13:31

Health: -1/46      AC:  1    Str:  5    XL:     8   Next: 78%
Magic:  3/21       EV: 12    Int: 20    God:    Vehumet [......]
Gold:   165        SH:  0    Dex: 12    Spells: 4 memorised, 5 levels left

rFire  + . .     SeeInvis .     a - staff of fire
rCold  + . .     Clarity  .     (no shield)
rNeg   . . .     SustAb   .     (helmet restricted)
rPois  .         Gourm    .     j - amulet of regeneration
rElec  .         Spirit   .     m - ring of flight
rCorr  .         Warding  .     k - ring of protection from cold
rMut   .         Stasis   .     (no ring)
MR     .....                    (no ring)
Stlth  +++.......               (no ring)
                                (no ring)
                                (no ring)
                                (no ring)

@: not resistant to hostile enchantments, fairly stealthy
A: almost no armour, amphibious, 8 rings, constrict 8, camouflage 1, deformed
body, weak 1, gelatinous body 1
a: Renounce Religion, Evoke Flight


You were on level 9 of the Dungeon.
You worshipped Vehumet.
Vehumet was noncommittal.
You were not hungry.

You visited 2 branches of the dungeon, and saw 10 of its levels.

You collected 165 gold pieces.

Inventory:

Hand weapons
 h - a +0 short sword
 i - a +0 blowgun
Missiles
 n - 2 poisoned needles
Magical staves
 a - an uncursed staff of fire (weapon)
Jewellery
 g - an uncursed amulet of clarity
 j - an amulet of regeneration (around mantle)
 k - a ring of protection from cold (right tentacle)
 m - a ring of flight (left tentacle)
Scrolls
 r - a scroll of fog {unknown}
Potions
 d - a potion of brilliance
 e - a potion of agility
Books
 b - a book of Flames

   Spells                             Type                      Level
   *Flame Tongue                      Conjuration/Fire             1
   Throw Flame                        Conjuration/Fire             2
   *Conjure Flame                     Conjuration/Fire             3
   Inner Flame                        Hexes/Fire                   3
   *Sticky Flame                      Conjuration/Fire             4
   *Fireball                          Conjuration/Fire             5
 f - a Necronomicon {highlevel, unknown}

   This book is beyond your current level of understanding.

   Spells                             Type                      Level
   Haunt                              Necromancy/Summoning         7
   Borgnjor's Revivification          Necromancy                   8
   Death's Door                       Charms/Necromancy            8
   Necromutation                      Transmutation/Necromancy     8
Miscellaneous
 q - a fan of gales
Comestibles
 c - 4 bread rations
 l - a beef jerky
 o - 4 chunks of flesh
 p - 8 fruits
 s - 6 slices of pizza


   Skills:
 - Level 2.0 Dodging
 - Level 2.6 Stealth
 + Level 5.9 Spellcasting
 + Level 6.1 Conjurations
 + Level 6.7 Fire Magic


You had 5 spell levels left.
You knew the following spells:

 Your Spells              Type           Power        Failure   Level  Hunger
a - Flame Tongue          Conj/Fire      #####        1%          1    None
b - Conjure Flame         Conj/Fire      #####...     2%          3    ##.....
c - Sticky Flame          Conj/Fire      #####...     10%         4    ####...
d - Fireball              Conj/Fire      #####.....   24%         5    #####..


Dungeon Overview and Level Annotations

Branches:
Dungeon (9/15)             Temple (1/1) D:5
   Lair: D:8-11         Orc: D:9-12

Altars:
Ashenzari
Cheibriados
Dithmenos
Elyvilon
Fedhas
Gozag
Kikubaaqudgha
Makhleb
Nemelex Xobeh
Okawaru
Qazlal
Ru
Vehumet
Xom
Zin
The Shining One

Shops:
D:8 *

Annotations:
D:3 Ijyb
D:4 Prince Ribbit


Innate Abilities, Weirdness & Mutations

You cannot wear most types of armour.
You are amphibious.
You can wear up to eight rings at the same time.
You can use your tentacles to constrict many enemies at once.
Your skin changes colour to match your surroundings (Stealth).
Your rubbery body absorbs attacks (AC +1).
Your body is misshapen.
You are weak. (Str -2)


Message History

Press: ? - help, Shift-Dir - straight line, f - three-headed hydra
Aim: a three-headed hydra (flame)
You feel a surge of power!
The sticky flame hits the three-headed hydra.
The three-headed hydra is lightly wounded.
The three-headed hydra is covered in liquid flames!
The three-headed hydra burns!
The three-headed hydra is engulfed in roaring flames.
The three-headed hydra bites you! The three-headed hydra bites you.
The three-headed hydra bites you!
* * * LOW HITPOINT WARNING * * *
Unknown command.
The three-headed hydra burns!
The three-headed hydra is engulfed in roaring flames.
Drink which item? (? for menu, Esc to quit)
Okay, then.
The three-headed hydra burns!
The three-headed hydra closely misses you.
The three-headed hydra bites you!
You die...

.# #..# #.##
*,* .# #..#
#(.# *,* .#
#..#
####.#####
*,* .# #..#
#.≈.≈.≈PP#
*,* .# #..#
#......≈P#
*,*
.#######..#
#.)P..P)≈#
*,*
..........#
#.....≈≈P#
*,*
..........#
#.....P≈.#
*,*
########..#
##@§'###+#
*,* # #..#
#.D...#,,*
*,* # #..#
#.....'%.#
*,* # #..#
##########
*,* # #).#
*,* *,* #
#..# *,* *,*
# *.,* *,*
*,* # *,,*
*,*********,*
* *,,*
*,,,,,,,,,,,*


You could see a three-headed hydra (burning).

Vanquished Creatures
  2 yaks (D:9)
  Edmund (D:5)
  A centaur (D:9)
  2 ogres
  A necrophage (D:4)
  Duvessa (D:5)
  3 big kobolds (D:9)
  A giant frog (D:9)
  Dowan (D:5)
  3 hounds
  A jelly (D:9)
  2 iguanas
  2 sheep (D:9)
  A sky beast zombie (D:6)
  2 adders
  An orc skeleton (D:4)
  2 worms (D:3)
  3 giant geckos
  2 oozes
  2 orcs
  2 giant cockroaches
  3 hobgoblins
  2 quokkas
  8 bats
  4 giant newts
  4 goblins
  10 jackals
  7 kobolds
  A quokka zombie (D:5)
  5 rats
80 creatures vanquished.

Vanquished Creatures (others)
  A giant spore (D:9)
1 creature vanquished.

Grand Total: 81 creatures vanquished

Notes
Turn   | Place    | Note
--------------------------------------------------------------
     0 | D:1      | timbw, the Octopode Fire Elementalist, began the quest for the Orb.
     0 | D:1      | Reached XP level 1. HP: 11/11 MP: 3/3
    95 | D:1      | Reached XP level 2. HP: 9/17 MP: 0/4
   259 | D:2      | Reached XP level 3. HP: 21/21 MP: 1/6
   267 | D:2      | Learned a level 3 spell: Conjure Flame
   453 | D:3      | Noticed Ijyb
   677 | D:4      | Reached XP level 4. HP: 27/27 MP: 6/8
   684 | D:4      | Learned a level 4 spell: Sticky Flame
   837 | D:4      | Found an opulent altar of Gozag.
   841 | D:4      | Found an iron altar of Okawaru.
   844 | D:4      | Found a shattered altar of Ashenzari.
   920 | D:4      | Noticed a necrophage
   927 | D:4      | Killed a necrophage
   927 | D:4      | Reached skill level 4 in Fire Magic
   927 | D:4      | Reached XP level 5. HP: 31/31 MP: 1/11
   974 | D:4      | Noticed Prince Ribbit
  1033 | D:5      | Entered Level 5 of the Dungeon
  1044 | D:5      | Noticed an ogre
  1062 | D:5      | Noticed Duvessa
  1066 | D:5      | Killed an ogre
  1066 | D:5      | Reached XP level 6. HP: 31/36 MP: 0/13
  1069 | D:5      | Gained mutation: Your body is misshapen. [potion of mutation]
  1069 | D:5      | Gained mutation: You are weak. (Str -2) [potion of mutation]
  1074 | D:5      | Noticed Dowan
  1225 | D:5      | Killed Duvessa
  1274 | D:5      | Killed Dowan
  1387 | D:5      | Found a staircase to the Ecumenical Temple.
  1387 | D:5      | Noticed Edmund
  1397 | D:5      | Killed Edmund
  1397 | D:5      | Reached skill level 5 in Fire Magic
  1397 | D:5      | Reached XP level 7. HP: 22/41 MP: 2/17
  1403 | Temple   | Entered the Ecumenical Temple
  1459 | Temple   | Became a worshipper of Vehumet
  1481 | Temple   | Learned a level 5 spell: Fireball
  1627 | D:8      | Found Maeceif's Elemental Accessories.
  1700 | D:8      | Found a sparkling altar of Nemelex Xobeh.
  1836 | D:9      | Reached skill level 5 in Conjurations
  1836 | D:9      | Reached XP level 8. HP: 30/46 MP: 1/19
  1954 | D:9      | Reached skill level 5 in Spellcasting
  1987 | D:9      | Noticed a yak
  1987 | D:9      | Noticed a yak
  1999 | D:9      | Reached skill level 6 in Fire Magic
  2017 | D:9      | Killed a yak
  2036 | D:9      | Killed a yak
  2072 | D:9      | Noticed a three-headed hydra
  2122 | D:9      | Slain by a three-headed hydra

Action                   |  1- 3 |  4- 6 |  7- 9 || total
-------------------------+-------+-------+-------++-------
Melee: Short sword       |    29 |       |       ||    29
       Unarmed           |     4 |       |       ||     4
       Staff             |       |    30 |    15 ||    45
 Fire: Blowgun           |       |       |    11 ||    11
 Cast: Flame Tongue      |    26 |    42 |    46 ||   114
       Conjure Flame     |     4 |     6 |     5 ||    15
       Sticky Flame      |       |     3 |     7 ||    10
  Use: Scroll            |     3 |     2 |     3 ||     8
       Potion            |       |     2 |       ||     2
 Stab: Sleeping          |     8 |     2 |       ||    10
  Eat: Chunk             |       |     4 |     1 ||     5
       Bread ration      |       |     1 |       ||     1
